 Dungeon Crawl Stone Soup version 0.24.1-8-ga250c9d538 (webtiles) character file.

Game seed: 4928458823493521209, levelgen mode: deterministic

2158 Curus the Spear-Bearer (level 9, -5/70 HPs)
             Began as a Minotaur Fighter on May 8, 2020.
             Was a Follower of Yredelemnul.
             Slain by an orc warrior
             ... wielding a +0 flail
              (11 damage)
             ... on level 7 of the Dungeon.
             The game lasted 00:18:40 (4989 turns).

Curus the Spear-Bearer (Minotaur Fighter)           Turns: 4989, Time: 00:18:41

Health: -5/70      AC:  6    Str: 22    XL:     9   Next: 10%
Magic:  8/8        EV: 10    Int:  7    God:    Yredelemnul [*.....]
Gold:   337        SH: 10    Dex: 10    Spells: 8/8 levels left

rFire    . . .     SeeInvis .   a - +1 trident
rCold    . . .     Gourm    .   c - +1 shield
rNeg     . . .     Faith    .   b - +0 scale mail
rPois    +         Spirit   .   (helmet restricted)
rElec    .         Reflect  .   (no cloak)
rCorr    .         Harm     .   (no gloves)
MR       .....                  (no boots)
Stlth    ..........             (no amulet)
HPRegen  0.21/turn              r - +3 ring of evasion
MPRegen  0.11/turn              q - ring of poison resistance

@: no status effects
A: retaliatory headbutt, horns 2
a: Animate Remains, Renounce Religion


You were on level 7 of the Dungeon.
You worshipped Yredelemnul.
Yredelemnul was aware of your devotion.
You were not hungry.

You visited 2 branches of the dungeon, and saw 8 of its levels.

You collected 337 gold pieces.

Inventory:

Hand Weapons
 a - a +1 trident (weapon)
Armour
 b - a +0 scale mail (worn)
 c - a +1 shield (worn)
Jewellery
 e - an uncursed ring of stealth
 q - a ring of poison resistance (right hand)
 r - a +3 ring of evasion (left hand)
Wands
 h - a wand of random effects (35)
 l - a wand of acid (10)
 n - a wand of enslavement (7)
 o - a wand of iceblast (16)
 p - a wand of polymorph (10)
Scrolls
 i - a scroll of fear
 j - 5 scrolls of identify
 k - 2 scrolls of remove curse
 m - 4 scrolls of amnesia
Potions
 d - 3 potions of curing
 g - a potion of flight
 s - a potion of invisibility
 t - 2 potions of brilliance
Comestibles
 f - 17 rations


   Skills:
 - Level 3.6 Fighting
 + Level 13.9 Polearms
 - Level 3.6 Armour
 - Level 3.6 Shields


You had 8 spell levels left.
You didn't know any spells.
Your spell library was empty.

Dungeon Overview and Level Annotations

Branches:
Dungeon (7/15)             Temple (1/1) D:4

Altars:
Ashenzari
Cheibriados
Fedhas
Kikubaaqudgha
Qazlal
Sif Muna
Trog
Wu Jian
Yredelemnul
Zin


Innate Abilities, Weirdness & Mutations

You reflexively headbutt those who attack you in melee.
You have a pair of horns on your head.


Message History

The orc warrior hits you with a +0 flail!
* * * LOW HITPOINT WARNING * * *
The orc barely misses you. You furiously retaliate!
You headbutt the orc!
You kill the orc!
Yredelemnul accepts your kill.
Unknown command.
Unknown command.
You puncture the orc warrior!
The orc warrior is heavily wounded.
You block the orc's attack.
The orc warrior hits you with a +0 flail.
* * * LOW HITPOINT WARNING * * *
You hit the orc warrior but do no damage.
The orc warrior is heavily wounded.
The orc barely misses you. You furiously retaliate!
You headbutt the orc.
Your shield prevents you from hitting the orc warrior.
The orc warrior is heavily wounded.
The orc warrior hits you with a +0 flail!
You die...
Your body rises from the dead as a mindless zombie.

#.....#
###+#######.....#
............#####
............#
............#
./..........#
............#
####.....###
#..@o.# #.)o..#
#.....# #.....+
#.....# #......
#.......
#........


You could see an orc warrior and an orc.

Vanquished Creatures
  Pikel (D:4)
  Menkaure (D:6)
  Edmund (D:6)
  A sky beast (D:6)
  4 slaves (D:4)
  2 ice beasts
  A phantom (D:5)
  2 ogres
  A centaur (D:7)
  2 bullfrogs (D:6)
  2 crimson imps
  A quasit (D:5)
  A bullfrog zombie (D:6)
  A hound (D:6)
  A jelly (D:5)
  2 orc wizards
  An orc priest (D:4)
  A bullfrog skeleton (D:6)
  Terence (D:3)
  5 worker ants
  3 hound skeletons
  13 adders
  A shadow imp (D:6)
  An ooze (D:1)
  An adder zombie (D:5)
  3 dart slugs (D:3)
  19 orcs
  2 ball pythons
  5 giant cockroaches
  10 hobgoblins
  2 jackals (D:5)
  5 kobolds
  A quokka (D:6)
  9 bats
  4 frilled lizards
  14 goblins
  2 leopard gecko skeletons
  6 rats
133 creatures vanquished.

Notes
Turn   | Place    | Note
-------+----------+-------------------------------------------
     0 | D:1      | Curus the Minotaur Fighter began the quest for the Orb.
     0 | D:1      | Reached XP level 1. HP: 19/19 MP: 0/0
    60 | D:1      | Reached skill level 3 in Polearms
   127 | D:1      | Reached XP level 2. HP: 26/26 MP: 1/1
   279 | D:1      | Reached skill level 4 in Polearms
   545 | D:2      | Reached XP level 3. HP: 31/31 MP: 2/2
  1156 | D:2      | Reached skill level 5 in Polearms
  1419 | D:3      | Reached XP level 4. HP: 39/39 MP: 3/3
  1726 | D:3      | Noticed Terence
  1734 | D:3      | Killed Terence
  1734 | D:3      | Reached skill level 6 in Polearms
  1743 | D:3      | Reached XP level 5. HP: 35/45 MP: 4/4
  2320 | D:4      | Reached skill level 7 in Polearms
  2438 | D:4      | Noticed a slave
  2438 | D:4      | Noticed a slave
  2438 | D:4      | Noticed a slave
  2438 | D:4      | Noticed a slave
  2440 | D:4      | Reached XP level 6. HP: 48/51 MP: 5/5
  2440 | D:4      | Noticed Pikel
  2453 | D:4      | Killed a slave
  2464 | D:4      | Killed a slave
  2474 | D:4      | Killed a slave
  2564 | D:4      | Killed a slave
  2774 | D:4      | Found a blossoming altar of Fedhas.
  2776 | D:4      | Found a glowing silver altar of Zin.
  2800 | D:4      | Found a staircase to the Ecumenical Temple.
  2806 | D:4      | Reached skill level 8 in Polearms
  2814 | Temple   | Entered the Ecumenical Temple
  2827 | Temple   | Became a worshipper of Yredelemnul the Dark
  2946 | D:4      | Killed Pikel
  2946 | D:4      | Reached skill level 10 in Polearms
  2946 | D:4      | Reached XP level 7. HP: 18/57 MP: 6/6
  3426 | D:5      | Entered Level 5 of the Dungeon
  3544 | D:5      | Reached skill level 11 in Polearms
  3623 | D:5      | Reached XP level 8. HP: 55/64 MP: 7/7
  3682 | D:5      | Found a stormy altar of Qazlal.
  3875 | D:5      | Reached * piety under Yredelemnul
  4117 | D:5      | Found a bloodstained altar of Trog.
  4256 | D:6      | Reached skill level 12 in Polearms
  4424 | D:6      | Noticed Menkaure
  4432 | D:6      | Killed Menkaure
  4436 | D:6      | Reached skill level 13 in Polearms
  4630 | D:6      | Noticed Edmund
  4639 | D:6      | Killed Edmund
  4639 | D:6      | Reached XP level 9. HP: 52/70 MP: 8/8
  4989 | D:7      | Slain by an orc warrior

Levels and vault maps discovered:
D:1:      ncdulo_lavacross, layout_loops_ring
D:2:      layout_loops_ring
D:3:      layout_loops_corners, st_stairs_2, minmay_randomly_rotated_circles,
          uniq_terence
D:4:      layout_basic, chequers_temple_overflow_statue_of_worship,
          minmay_temple_entry_poolview, first_ration, uniq_pikel
D:5:      layout_gridville, nicolae_qazlal_general_emergency, bloody_trog
D:6:      layout_basic, uniq_edmund, uniq_menkaure
D:7:      layout_gridville, serial_shops, shop, hex_tiny
Temple:   compressed_dpeg_circular_temple

Skill      XL: |  1  2  3  4  5  6  7  8 |
---------------+-------------------------+-----
Polearms       | 3 4 5 6 7 10 11 13 | 13.9
Fighting       | |  3.6
Armour         | |  3.6
Shields        | |  3.6

Action                   |  1- 3 |  4- 6 |  7- 9 || total
-------------------------+-------+-------+-------++-------
Melee: Trident           |    99 |   191 |   186 ||   476
       Headbutt          |     6 |    24 |    19 ||    49
  Use: Potion            |     4 |     5 |     2 ||    11
       Scroll            |     4 |     3 |     2 ||     9
 Stab: Distracted        |       |     1 |       ||     1
  Eat: Chunk             |     2 |     3 |     5 ||    10
       Ration            |       |     1 |       ||     1
Armor: Scale mail        |    24 |    43 |    27 ||    94
Dodge: Dodged            |    20 |    30 |    28 ||    78
Block: Shield            |    24 |    66 |    60 ||   150
